 Dungeon Crawl Stone Soup version 0.30-a0-1164-ge08a67761e (webtiles) character file.

Game seed: 8499196676704820193

53 mandoloar the Insei (level 3, 0/24 HPs)
             Began as an Octopode Transmuter on Apr 30, 2023.
             Succumbed to an adder's poison
             ... on level 2 of the Dungeon.
             The game lasted 00:02:59 (1199 turns).

mandoloar the Insei (Octopode Transmuter)           Turns: 1199, Time: 00:03:00

Health: 0/24       AC:  1    Str:  9    XL:     3   Next: 89%
Magic:  6/6        EV: 13    Int: 17    God:
Gold:   41         SH:  0    Dex: 12    Spells: 5/6 levels left

rFire   . . .        a - +1 whip (freeze)
rCold   . . .        (no shield)
rNeg    . . .        b - melded +0 hat {Stlth+}
rPois   .            (no amulet)
rElec   .            (no ring)
rCorr   .            (no ring)
SInv    .            (no ring)
Will    .....        (no ring)
Stlth   ++           (no ring)
HPRegen 0.24/turn    (no ring)
MPRegen 0.10/turn    (no ring)
                     (no ring)

%: no passive effects
@: lethally poisoned (0 -> -2), appendages (expiring)
A: tentacle spike 3, almost no armour, amphibious, 8 rings, camouflage 1,
gelatinous body 1, (nimble swimmer 1), tentacles
a: End Transformation


You were on level 2 of the Dungeon.
One of your tentacles had grown a beastly spike.
You visited 1 branch of the dungeon, and saw 2 of its levels.

You collected 41 gold pieces.

Inventory:

Hand Weapons
 a - a +1 whip of freezing (weapon)
Missiles
 j - 6 stones
Armour
 b - a +0 hat of stealth (melded)
Scrolls
 e - a scroll of teleportation {unknown}
Potions
 c - a potion of ambrosia {unknown}
 d - a potion of berserk rage {unknown}
 f - a potion of lignification


   Skills:
 + Level 1.7 Fighting
 + Level 2.5 Dodging
 + Level 3.3 Unarmed Combat
 + Level 2.4 Spellcasting
 + Level 2.5 Transmutations


You had 5 spell levels left.
You knew the following spells:

 Your Spells              Type           Power      Damage    Failure   Level
a - Beastly Appendage     Tmut           20%        N/A       7%          1

Your spell library contained the following spells:

 Spells                   Type           Power      Damage    Failure   Level
 Wereblood                Tmut           10%        N/A       10%         2
 Spider Form              Tmut/Pois      6%         N/A       32%         3
 Ice Form                 Ice/Tmut       6%         N/A       73%         4


Dungeon Overview and Level Annotations

Branches:
Dungeon (2/15)

Altars:


Innate Abilities, Weirdness & Mutations

One of your tentacles has grown a beastly spike.
You cannot wear most types of armour.
You are amphibious.
You can wear up to eight rings at the same time.
Your skin changes colour to match your surroundings (Stealth+).
Your rubbery body absorbs attacks. (AC +1, EV +1)
((You are camouflaged when in or above water. (Stealth+)))
You have tentacles for arms and can constrict up to eight enemies at once.


Message History

Your tentacle spike misses the adder.
Your squeeze misses the adder. The adder bites you.
You are poisoned.
The adder poisons you! The adder misses you.
You barely miss the adder. Your grab misses the adder.
You feel sick. The jackal barely misses you.
The adder bites you but does no damage. The adder bites you.
The jackal misses you. The adder attacks as you move away!
The adder completely misses you.
Your transformation is almost over.
You feel sick. The jackal bites you. The adder barely misses you.
There is a stone staircase leading up here.
The jackal attacks as you move away! The jackal closely misses you.
The adder attacks as you move away! The adder bites you.
You feel sick.
A jackal comes into view.
You hit the adder. You freeze the adder. Your grab misses the adder.
The adder is heavily wounded.
You feel sick. The adder barely misses you.
The jackal moves out of view.
You are too injured to fight recklessly!
You are too injured to fight recklessly!
You barely miss the adder. You grab the adder. You squeeze the adder.
The adder is severely wounded.
You constrict the adder.
You feel sick. The adder bites you. The adder misses you.
You hit the adder.
The adder seems to slow down.
You freeze the adder.
You kill the adder!
You feel sick.
You are no longer poisoned.
The adder bites you.
* * * LOW HITPOINT WARNING * * *
You are lethally poisoned!
The adder poisons you!
You hit the adder. You freeze the adder. Your grab misses the adder.
Your tentacle spike misses the adder.
The adder is heavily wounded.
* * * LOW HITPOINT WARNING * * *
You feel sick. The adder barely misses you.
You hit the adder but do no damage. Your grab misses the adder.
Your tentacle spike misses the adder.
You tentacle-slap the adder.
You kill the adder!
You die...

#. #.
######.##
.........
..#.....##
#........
###....h#####
#......h<@..#
#.#.#.#.###.#
..$..# #
#.#.### # #.
#


You could see 2 jackals.

Vanquished Creatures
  A gnoll (D:1)
  2 adders (D:2)
  6 ball pythons (D:1)
  A giant cockroach (D:1)
  3 goblins (D:1)
  A hobgoblin (D:1)
  2 jackals (D:1)
  4 kobolds (D:1)
  2 quokkas (D:1)
  8 bats (D:1)
  4 rats (D:1)
34 creatures vanquished.

Vanquished Creatures (others)
  A withered plant (D:1)
1 creature vanquished.

Grand Total: 35 creatures vanquished

Notes
Turn   | Place    | Note
-------+----------+-------------------------------------------
     0 | D:1      | mandoloar the Octopode Transmuter began the quest for the
                  | Orb.
     0 | D:1      | Reached XP level 1. HP: 13/13 MP: 3/3
   208 | D:1      | Reached XP level 2. HP: 18/18 MP: 3/5
   383 | D:1      | Reached XP level 3. HP: 23/23 MP: 4/6
   734 | D:1      | Found a faded altar of an unknown god.
  1198 | D:2      | HP: 1/24 [poisoned by an adder]
  1199 | D:2      | Succumbed to an adder's poison

Illustrated notes

Levels and vault maps discovered:
D:1:      dpeg_arrival_erosion, layout_basic,
          ebering_ecumenical_altar_petrified, serial_glass, glass_columns_a,
          glass_columns_a, minmay_misc_feat_secret_circle,
          grunt_decor_resistance
D:2:      layout_loops_ring, serial_shops, nicolae_shop_waterfront

Action                     || total
---------------------------++-------
  Melee: Unarmed           ||    34
         Constrict         ||    24
         Kick              ||    12
         Punch             ||     3
         Tentacles         ||    18
         Dagger            ||    35
         Whip              ||    12
   Cast: Beastly Appendage ||    30
   Stab: Sleeping          ||     9
 Armour: Skin              ||    12
  Dodge: Dodged            ||    78

Table legend: (Time is in decaauts)
 A = Elapsed time spent in this place.
 B = Non-inter-level travel time spent in this place.
 C = Inter-level travel time spent in this place.
 D = Time resting spent in this place.
 E = Time spent auto-exploring this place.
 F = Levels seen in this place.
 G = Mean time per level.
                   A        B        C        D        E       F      G
               +--------+--------+--------+--------+--------+-----+--------+
         Total |   1196 |   1073 |    123 |    121 |    714 |   2 |  598.0 |
       Dungeon |   1196 |   1073 |    123 |    121 |    714 |   2 |  598.0 |
               +--------+--------+--------+--------+--------+-----+--------+

Top non-repeatable levels by time:
     D:1: 1183 daAuts
     D:2: 13 daAuts
